 Dungeon Crawl Stone Soup version 0.17-a0-1997-ga88ed7d (webtiles) character file.

1933 Ordine the Fighter (level 9, -2/67 HPs)
             Began as an Octopode Fighter on Oct 8, 2015.
             Was a Believer of Dithmenos.
             Slain by a manticore (11 damage)
             ... on level 7 of the Dungeon.
             The game lasted 00:20:08 (7532 turns).

Ordine the Fighter (Octopode Fighter)               Turns: 7532, Time: 00:20:08

Health: -2/67      AC:  1    Str: 15    XL:     9   Next: 17%
Magic:  9/9        EV: 11    Int: 11    God:    Dithmenos [**....]
Gold:   290        SH:  9    Dex: 14    Spells: 0 memorised, 8 levels left

rFire  . . .     SeeInvis .     a - +0 long sword
rCold  . . .     Clarity  .     b - +0 shield
rNeg   . . .     SustAt   .     (helmet restricted)
rPois  .         Gourm    .     k - amulet of rage
rElec  .         Spirit   .     s - ring of loudness (curse)
rCorr  .         Warding  .     t - ring of stealth
rMut   .         Stasis   .     (no ring)
MR     .....                    (no ring)
Stlth  +++.......               (no ring)
                                (no ring)
                                (no ring)
                                (no ring)

@: very slightly contaminated, wreathed by umbra, invisible (expiring), not
resistant to hostile enchantments, fairly stealthy
A: almost no armour, amphibious, 8 rings, constrict 8, camouflage 1, gelatinous
body 1
a: Shadow Step, Renounce Religion, Evoke Berserk Rage


You were on level 7 of the Dungeon.
You worshipped Dithmenos.
Dithmenos was pleased with you.
You were near starving.

You visited 1 branch of the dungeon, and saw 7 of its levels.

You collected 290 gold pieces.

Inventory:

Hand Weapons
 a - a +0 long sword (weapon)
 q - a +0 blowgun
Missiles
 c - a tomahawk (quivered)
 e - 23 poisoned needles
 i - 176 stones
Armour
 b - a +0 shield (worn)
Jewellery
 k - an amulet of rage (around mantle)
 s - a cursed ring of loudness (left tentacle)
 t - a ring of stealth (right tentacle)
Scrolls
 g - 4 scrolls of identify
 v - a scroll of magic mapping
Potions
 h - a potion of ambrosia
 p - a potion of curing
 z - a potion of cure mutation
Books
 u - a book of Envenomations

   Spells                             Type                      Level
   a - Spider Form                    Transmutation/Poison         3
   b - Alistair's Intoxication        Transmutation/Poison         4
   c - Olgreb's Toxic Radiance        Poison                       4
   d - Poisonous Cloud                Conjuration/Poison/Air       6
Comestibles
 d - 7 bread rations
 f - a slice of pizza
 m - 9 fruits
 o - 3 meat rations
 r - 5 beef jerkies


   Skills:
 + Level 8.9 Fighting
 + Level 8.4 Long Blades
 - Level 3.0 Dodging
 - Level 3.0 Shields


You had 8 spell levels left.
You didn't know any spells.

Dungeon Overview and Level Annotations

Branches:
Dungeon (7/15)
 Temple: D:4-7

Altars:
Dithmenos
Xom


Innate Abilities, Weirdness & Mutations

You cannot wear most types of armour.
You are amphibious.
You can wear up to eight rings at the same time.
You can use your tentacles to constrict eight enemies at once.
Your skin changes colour to match your surroundings (Stealth).
Your rubbery body absorbs attacks (AC +1).


Message History

You feel less exhausted. The manticore misses you.
You block the manticore's attack. The manticore closely misses you.
You hit the manticore but do no damage. Your squeeze misses the manticore.
The manticore is severely wounded.
You flicker for a moment.
You block the killer bee zombie's attack.
You strike the helpless killer bee zombie from behind!
You hit the killer bee zombie. You grab the killer bee zombie.
You squeeze the killer bee zombie. You constrict the killer bee zombie.
You block the killer bee zombie's attack. x2
You closely miss the manticore. You squeeze the manticore!
The manticore is almost dead.
You constrict the killer bee zombie.
The killer bee zombie struggles to escape constriction.
The killer bee zombie barely misses you.
The manticore closely misses you. The manticore claws you.
* * * LOW HITPOINT WARNING * * *
The manticore claws you!
You die...

#..........# .
#..........##<..#
#...............#
#..........# ...
########..........# ..
...>#..)..###..#####.#######
...........###..####.#...(..
............##..H.#.......(.
.......).b..####@Z).......(.
.....b......####.#....(.(...
b..................%........
.....>...)..####.#)#.)......
........)..#####...)(.......
....#...).###.....##(.......
#######..b........##.#.?....
..#.#..###.#...### . #.#.##
#.....#


You could see a manticore and a killer bee zombie.

Vanquished Creatures
  Sigmund (D:6)
  3 phantoms
  An orc warrior (D:4)
  3 ogres
  Blork the orc (D:5)
  A giant frog (D:7)
  2 big kobolds
  2 scorpions
  A jelly (D:5)
  2 hounds
  3 orc priests
  A centaur zombie (D:7)
  A crimson imp (D:7)
  5 orc wizards
  Jessica (D:3)
  3 worker ants
  The ghost of deadman1740 the Ruffian, a weakling TrBe of Trog (D:3)
  A hound zombie (D:5)
  Robin (D:3)
  10 adders
  A shadow imp (D:5)
  An ooze (D:5)
  2 worms
  An adder skeleton (D:5)
  5 giant geckos
  24 orcs
  16 goblins
  11 hobgoblins
  13 jackals
  2 quokkas
  2 ball pythons
  14 bats
  10 giant cockroaches
  3 giant gecko skeletons (D:4)
  2 giant newts
  9 kobolds
  A quokka zombie (D:4)
  5 rats
166 creatures vanquished.

Vanquished Creatures (others)
  An orc wizard (D:7)
  An orc (D:7)
2 creatures vanquished.

Grand Total: 168 creatures vanquished

Notes
Turn   | Place    | Note
--------------------------------------------------------------
     0 | D:1      | Ordine the Octopode Fighter began the quest for the Orb.
     0 | D:1      | Reached XP level 1. HP: 16/16 MP: 1/1
   324 | D:1      | Reached XP level 2. HP: 21/21 MP: 2/2
   551 | D:1      | Reached XP level 3. HP: 26/26 MP: 3/3
  1507 | D:2      | Reached skill level 4 in Fighting
  1507 | D:2      | Reached XP level 4. HP: 33/33 MP: 4/4
  1621 | D:2      | Found a shimmering altar of Xom.
  2146 | D:3      | Reached XP level 5. HP: 11/38 MP: 5/5
  2390 | D:3      | Noticed Robin
  2408 | D:3      | Killed Robin
  2650 | D:3      | Found a shadowy altar of Dithmenos.
  2680 | D:3      | Became a worshipper of Dithmenos the Shadowed
  2692 | D:3      | Noticed deadman1740's ghost (weakling TrBe)
  2698 | D:3      | Killed deadman1740's ghost
  3031 | D:3      | Noticed Jessica
  3034 | D:3      | Killed Jessica
  3034 | D:3      | Reached skill level 5 in Fighting
  3034 | D:3      | Reached XP level 6. HP: 43/45 MP: 6/6
  4419 | D:4      | Reached skill level 5 in Long Blades
  4660 | D:4      | Reached skill level 6 in Fighting
  4660 | D:4      | Reached XP level 7. HP: 39/52 MP: 7/7
  5309 | D:5      | Entered Level 5 of the Dungeon
  5898 | D:5      | Noticed Blork the orc
  5906 | D:5      | Killed Blork the orc
  5957 | D:5      | Reached skill level 7 in Fighting
  5957 | D:5      | Reached XP level 8. HP: 58/60 MP: 8/8
  6783 | D:6      | Noticed Sigmund
  6810 | D:6      | Killed Sigmund
  6810 | D:6      | Reached skill level 8 in Fighting
  7446 | D:7      | Reached XP level 9. HP: 21/67 MP: 9/9
  7479 | D:7      | Acquired Dithmenos's first power
  7494 | D:7      | Noticed a manticore
  7532 | D:7      | Slain by a manticore

Vault maps used:
D:1:      nagdon_arrival_double_spiral
D:2:      xom_butterflies
D:3:      grunt_dithmenos_smoke_and_mirrors, uniq_robin, uniq_jessica
D:5:      first_bread, grunt_ministairs_12, uniq_blork_the_orc
D:6:      feat_on_display, uniq_sigmund
D:7:      minmay_temple_entry_butterflies, serial_shops, shop_fountains,
          hangedman_abyss_or_decor_jellyfish_corner, kb_rosetta

Action                   |  1- 3 |  4- 6 |  7- 9 || total
-------------------------+-------+-------+-------++-------
Melee: Long sword        |    68 |   148 |   196 ||   412
Throw: Stone             |     1 |    11 |     3 ||    15
       Javelin           |       |     2 |    15 ||    17
       Tomahawk          |       |       |    16 ||    16
 Abil: Evoke Berserk Rag |       |     1 |     1 ||     2
  Use: Scroll            |     5 |     6 |     3 ||    14
       Potion            |       |     1 |     6 ||     7
 Stab: Sleeping          |     6 |     6 |     2 ||    14
       Invisible         |       |       |    12 ||    12
       Distracted        |       |       |     1 ||     1
  Eat: Chunk             |     1 |    12 |     8 ||    21
